AoeStats
← dadhu

Marketplace

506877888Analyzed
1v1 RM · 16d ago on Sep 15, 2026· 33m 40s· 2 players
Game mode
Random Map
Map size
Tiny (2 player)
Population
200
Speed
Normal
Resources
Standard
Victory
Conquest
Starting age
Dark Age
Ending age
Imperial Age
RankedLock teamsTeams togetherTeam positionsShared explorationLock speedFull tech treeHidden civsTurbo modeCheats
Victory
Defeat
🇮🇳 Portuguese · India
409
+16
🇳🇱 Saracens · Netherlands
402
-22
Phoides
7:19 Loom
13:28 Feudal Age
16:15 Double-Bit Axe
16:40 Stone Mining
16:45 Town Watch
19:27 Wheelbarrow
28:06 Castle Age
dadhu
2:03 Loom
12:38 Feudal Age
13:07 Town Watch
13:15 Double-Bit Axe
14:31 Wheelbarrow
16:17 Horse Collar
24:25 Castle Age
24:06 Gold Mining
25:14 Forging
25:27 Light Cavalry
27:07 Bloodlines
29:27 Pikeman
31:06 Elite Skirmisher
Connection lost

Rejoining the realm…

Still unreachable

The connection could not be restored.

Session expired

The server has moved on; the page needs a fresh start.